 Dungeon Crawl Stone Soup version 0.25-a0-35-g747a2b3c0c (webtiles) character file.

Game seed: 11525638753434452465, levelgen mode: deterministic

169015 Arixos the Fighter (level 17, -15/303 HPs)
             Began as a Demonspawn Monk on Oct 19, 2019.
             Was the Champion of Ru.
             Shot with a bolt by a naga sharpshooter (24 damage)
             ... on level 4 of the Snake Pit.
             The game lasted 03:48:31 (39738 turns).

Arixos the Fighter (Demonspawn Monk)               Turns: 39738, Time: 03:48:32

Health: -15/303    AC: 28    Str: 16    XL:     17   Next: 34%
Magic:  31/31      EV:  2    Int: 16    God:    Ru [******]
Gold:   991        SH:  0    Dex: 17    Spells: 26/36 levels left

rFire    . . .     SeeInvis .   P - +9 short sword (vamp)
rCold    + . .     Gourm    .   (shield unavailable)
rNeg     + + +     Faith    .   (armour currently unavailable)
rPois    +         Spirit   .   (helmet unavailable)
rElec    .         Reflect  .   (cloak currently unavailable)
rCorr    .         Harm     .   (gloves currently unavailable)
MR       +....     NoTele   +   (boots currently unavailable)
Stlth    ..........             G - amulet of magic regeneration
HPRegen  0.60/turn              (ring unavailable)
MPRegen  0.47/turn              I - ring of protection from cold

@: confused, berserking, confusing touch, tree-form, hasted, lightly drained,
very quick
A: ignite blood, weak 1, flame cloud immunity, missing a hand, inexperienced 1
a: Draw Out Power, Power Leap, Apocalypse, Renounce Religion


You were on level 4 of the Snake Pit.
You worshipped Ru.
Ru was exalted by your worship.
You were not hungry.
You were a tree.
You visited 5 branches of the dungeon, and saw 28 of its levels.
You also visited: Gauntlet.

You collected 2457 gold pieces.
You spent 1466 gold pieces at shops.

Inventory:

Hand Weapons
 P - a +9 vampiric short sword (weapon)
 U - a +0 rapier
Missiles
 z - 75 poisoned darts (quivered)
 E - 4 curare-tipped darts
Armour
 d - a +1 pair of boots (melded)
 x - a +1 pair of gloves of strength (melded)
 S - a +3 leather armour of poison resistance (melded)
Jewellery
 u - an uncursed ring of flight
 G - an amulet of magic regeneration (around neck)
 I - a ring of protection from cold (right branch)
 R - an uncursed ring of see invisible
 X - an uncursed ring of positive energy
 Z - an uncursed ring of protection from fire
Wands
 c - a wand of digging (3)
 v - a wand of flame (37)
 y - a wand of acid (27)
 K - a wand of clouds (4)
 M - a wand of polymorph (10)
 O - a wand of disintegration (23)
 Q - a wand of iceblast (33)
 V - a wand of paralysis (19)
 Y - a wand of enslavement (11)
Scrolls
 e - 4 scrolls of fog
 f - 11 scrolls of amnesia
 g - 5 scrolls of identify
 j - 3 scrolls of enchant armour
 l - 2 scrolls of enchant weapon
 m - a scroll of blinking
 o - 4 scrolls of magic mapping
 r - 13 scrolls of remove curse
 w - 22 scrolls of teleportation
 A - 2 scrolls of summoning
 C - 2 scrolls of fear
 W - a scroll of silence
Potions
 a - a potion of lignification
 h - a potion of ambrosia
 i - 9 potions of curing
 k - 3 potions of might
 n - a potion of invisibility {unknown}
 p - 3 potions of haste
 q - 3 potions of mutation
 t - 3 potions of flight
 B - a potion of agility {unknown}
 D - a potion of berserk rage
 F - 2 potions of brilliance
 J - 2 potions of heal wounds {unknown}
 L - 2 potions of magic {unknown}
 T - a potion of cancellation {unknown}
Miscellaneous
 N - a phial of floods
Comestibles
 b - 39 rations
 s - 4 chunks of flesh


   Skills:
 + Level 12.8(12.5) Fighting
 + Level 11.3(11.1) Short Blades
 + Level 11.5(11.3) Armour
 + Level 11.8(11.6) Dodging
 + Level 12.3(12.0) Stealth
 - Level 2.6(2.4) Unarmed Combat
 - Level 10.0(9.7) Spellcasting
 + Level 10.6(10.3) Hexes
 + Level 7.5(7.2) Evocations


You had 26 spell levels left.
You knew the following spells:

 Your Spells              Type           Power        Failure   Level  Hunger
c - Confuse               Hex            #####...     1%          3    None
i - Invisibility          Hex            #####...     21%         6    ######.
t - Confusing Touch       Hex            #####.       1%          1    None

Your spell library contained the following spells:

 Spells                   Type           Power        Failure   Level  Hunger
 Inner Flame              Hex/Fire       ###.....     3%          3    None
 Animate Skeleton         Necr           N/A          10%         1    None
 Beastly Appendage        Tmut           #.....       10%         1    None
 Flame Tongue             Conj/Fire      #....        10%         1    None
 Freeze                   Ice            #...         10%         1    None
 Pain                     Necr           #...         10%         1    None
 Fulminant Prism          Conj/Hex       ###.......   11%         4    ###....
 Passwall                 Tmut/Erth      #.......     14%         2    None
 Sticks to Snakes         Tmut           #.......     14%         2    None
 Swiftness                Chrm/Air       #.......     14%         2    None
 Throw Flame              Conj/Fire      #.....       14%         2    None
 Throw Frost              Conj/Ice       #.....       14%         2    None
 Darkness                 Hex            #####.....   21%         6    ######.
 Conjure Flame            Conj/Fire      #.......     28%         3    None
 Gell's Gravitas          Tloc           #.........   28%         3    None
 Ozocubu's Armour         Chrm/Ice       #.......     28%         3    None
 Recall                   Summ/Tloc      N/A          28%         3    None
 Regeneration             Chrm/Necr      #.........   28%         3    None
 Spider Form              Tmut/Pois      #.........   28%         3    None
 Vampiric Draining        Necr           #.........   28%         3    None
 Metabolic Englaciation   Hex/Ice        ###.......   30%         5    #####..
 Yara's Violent Unravell  Hex/Tmut       ###.......   30%         5    #####..
 Animate Dead             Necr           N/A          67%         4    ###....
 Ice Form                 Ice/Tmut       #.......     67%         4    ###....
 Passage of Golubria      Tloc           N/A          67%         4    ###....
 Petrify                  Tmut/Erth      #.......     67%         4    ###....
 Sticky Flame             Conj/Fire      #.......     67%         4    ###....
 Summon Ice Beast         Ice/Summ       #.......     67%         4    ###....
 Throw Icicle             Conj/Ice       #.......     67%         4    ###....
 Blade Hands              Tmut           #.........   95%         5    #####..
 Borgnjor's Vile Clutch   Necr/Erth      #.........   95%         5    #####..
 Fireball                 Conj/Fire      #.........   95%         5    #####..
 Lee's Rapid Deconstruct  Erth           #.........   95%         5    #####..
 Death Channel            Necr           #.........   100%        6    ######.
 Poison Arrow             Conj/Pois      #.........   100%        6    ######.
 Simulacrum               Ice/Necr       #.........   100%        6    ######.
 Orb of Destruction       Conj           #.........   100%        7    #######
 Chain Lightning          Conj/Air       #.........   100%        8    #######
 Lehudib's Crystal Spear  Conj/Erth      #.........   100%        8    #######
 Fire Storm               Conj/Fire      #.........   100%        9    #######
 Glaciate                 Conj/Ice       #.........   100%        9    #######
 Shatter                  Erth           #.........   100%        9    #######


Dungeon Overview and Level Annotations

Branches:
Dungeon (15/15)            Temple (1/1) D:7            Lair (6/6) D:10
 Shoals (0/4) Lair:4        Snake (4/4) Lair:4        Slime (0/5) Lair:5
    Orc (2/2) D:12            Elf (0/3) Orc:2        Vaults (0/5) D:14
 Depths (0/5) D:15        Gauntlet (visited)

Altars:
Ashenzari
Cheibriados
Dithmenos
Elyvilon
Fedhas
Gozag
Hepliaklqana
Kikubaaqudgha
Nemelex Xobeh
Okawaru
Qazlal
Ru
Sif Muna
Trog
Uskayaw
Vehumet
Wu Jian
Xom
Yredelemnul
The Shining One
Beogh

Shops:
D:4 =%%:*   D:5 %   D:9 }   D:11 *   D:14 =   Orc:1 =   Orc:2 ?*:*   Snake:1 }(
Snake:4 }=}

Portals:
Trove: D:11 (lose all piety)

Annotations:
Lair:5 exclusion: 2 oklob plants
Lair:6 exclusion: oklob plant


Innate Abilities, Weirdness & Mutations

((You have a pair of large horns on your head.))
((Your flesh is heat resistant. (rF+)))
Your demonic aura causes spilled blood to erupt in flames.
((You are mostly covered in sharp spines.))
You are weak. (Str -2)
You are immune to clouds of flame.
You are missing a hand.
You are somewhat inexperienced. (-2 XL)
((When seriously injured, your bleeding wounds create very thick armour. (AC +0)))


Message History

The black mamba bites you but does no damage.
It was a potion of ambrosia.
You are confused.
You feel invigorated.
You feel less exhausted.
The nagaraja begins to cast a spell, but is stunned by your will!
The black mamba bites you but does no damage.
The naga sharpshooter is stunned by your will and fails to attack.
The naga sharpshooter spits poison at you.
The splash of poison hits you. You resist.
* * * LOW HITPOINT WARNING * * *
You cannot move. (Use ctrl+direction or * direction to attack without moving.) It was a potion of berserk rage.
A red film seems to cover your vision as you go berserk!
You feel yourself moving faster!
You feel mighty!
The black mamba bites you but does no damage.
The naga sharpshooter mumbles some strange words.
The naga sharpshooter magically shoots a bolt.
The bolt hits you!!
You die...

##..§§#§.§.)###
###....).))))..
###..§N§)N###)[##
###.....))#)(
.....§N.§NN[[)..#
####..)))##
#...##§.###''##..#
##..)().#
..########..[.##...#
#........ ##
#).)...###.#
#.(......
#...##...##..#
#.(...### #...#
#...##..# ###......
#..N# #N♣.##...#
####... ...# ##hSN#
....####... #N...#
........##.
..NN...##...###.##.
.N..#.....# #.###
.N(.N##h.#...# #....
....# (..##...#
##### #..# .... #...
### .... #..


You could see a naga warrior, 4 nagarajas, a naga sharpshooter, a naga
ritualist, a black mamba, 2 hogs and 2 nagas.

Vanquished Creatures
  Vashnia (Snake:4)
  Saint Roka (Snake:4)
  Rupert (D:13)
  6 nagarajas
  Louise (Snake:4)
  Nessos (D:13)
  A dire elephant (D:15)
  A minotaur (Gauntlet)
  Josephine (D:13)
  8 hydras
  12 naga warriors
  14 two-headed ogres
  11 anacondas
  A death knight (D:14)
  5 centaur warriors
  A catoblepas (D:14)
  2 ogre magi
  5 naga sharpshooters
  The ghost of lis82 the Thaumaturge, a novice DgFE (D:9)
  7 shock serpents
  A fire crab (Gauntlet)
  2 unseen horrors
  4 naga ritualists
  Pikel (D:5)
  4 lindwurms (D:15)
  2 wolf spider zombies (D:15)
  13 ugly things
  2 manticores
  4 orc knights
  9 salamanders
  2 orc sorcerers
  2 deep elf magi (D:12)
  12 mana vipers
  A wolf spider (D:15)
  4 cyclopes
  30 black mambas
  4 elephants (Lair:3)
  11 naga magi
  5 guardian serpents
  A gargoyle (D:13)
  3 rime drakes
  25 spiny frogs
  A kobold demonologist (D:12)
  6 komodo dragons
  4 yaktaurs (D:14)
  An efreet (D:15)
  7 trolls
  2 polar bears
  A merfolk (D:15)
  A hornet (D:14)
  5 meliai
  30 blink frogs
  A hornet (shapeshifter) (D:14)
  4 dream sheep (Lair:6)
  A raiju (Gauntlet)
  2 slime creatures (D:12)
  4 tyrant leeches (Lair:6)
  5 flying skulls (Gauntlet)
  A redback (D:10)
  40 yaks
  14 hippogriffs
  Sigmund (D:3)
  A centaur simulacrum (D:15)
  2 vampires
  3 fire bats (Gauntlet)
  5 wyverns
  5 wraiths
  Eustachio (D:5)
  2 hogs (Snake:4)
  2 basilisks (shapeshifter) (D:14)
  2 basilisks
  12 vampire mosquitoes
  2 steam dragons
  A hungry ghost (D:9)
  Edmund (D:5)
  3 wargs
  3 soldier ants
  59 nagas
  16 water moccasins
  46 orc warriors
  19 porcupines
  3 ice beasts
  An eye of draining (D:8)
  3 slaves (D:6)
  7 sky beasts
  2 black bears
  9 ogres
  2 phantoms
  The ghost of Sondor the Cudgeler, an amateur DsCK of Xom (D:3)
  12 wolves
  11 crocodiles
  29 centaurs
  2 big kobolds
  32 bullfrogs
  A wyvern skeleton (D:15)
  7 scorpions
  18 killer bees
  16 wights
  3 electric eels
  2 howler monkeys
  11 crimson imps
  4 centaur zombies
  7 hounds
  A quasit (D:6)
  A gnoll shaman (D:6)
  2 centaur skeletons
  17 orc priests
  2 jellies
  3 bullfrog skeletons
  An iguana (D:6)
  11 orc wizards
  7 hell rats (Lair:5)
  10 worker ants
  2 hound zombies (D:10)
  3 worker ant zombies
  12 gnolls
  12 adders
  6 shadow imps
  5 oozes
  4 adder skeletons
  3 worms
  2 dart slugs (D:1)
  3 leopard geckos
  82 orcs
  6 giant cockroaches
  11 goblins
  4 hobgoblins
  18 jackals
  17 kobolds
  7 quokkas
  A ball python (D:4)
  11 bats
  5 frilled lizards
  A leopard gecko zombie (D:6)
  A quokka skeleton (D:4)
  2 quokka zombies
  6 rats
  6 fungi
  11 plants (Lair:6)
1018 creatures vanquished.

Vanquished Creatures (others)
  A two-headed ogre (D:15)
  An ogre mage (D:15)
  A black mamba (Snake:2)
  A redback zombie (D:9)
  A meliai (D:14)
  A hornet (D:8)
  A naga (Snake:4)
  A warg (Snake:4)
  2 ogres (D:15)
  2 centaurs (D:13)
  2 howler monkeys (D:6)
  An orc priest (D:10)
  A shadow imp (D:9)
  2 demonic plants (Gauntlet)
  24 fungi
  71 plants
113 creatures vanquished.

Grand Total: 1131 creatures vanquished

Notes
Turn   | Place    | Note
-------+----------+-------------------------------------------
     0 | D:1      | Arixos the Demonspawn Monk began the quest for the Orb.
     0 | D:1      | Reached XP level 1. HP: 18/18 MP: 1/1
    42 | D:1      | Gained mutation: When seriously injured, your bleeding
                  | wounds create armour. (AC +0) [demonic ancestry]
    42 | D:1      | Reached XP level 2. HP: 19/24 MP: 2/2
   237 | D:1      | Reached skill level 1 in Armour
   493 | D:1      | Gained mutation: Your flesh is heat resistant. (rF+)
                  | [demonic ancestry]
   493 | D:1      | Reached XP level 3. HP: 29/29 MP: 3/3
   792 | D:2      | Found a sacrificial altar of Ru.
  1006 | D:2      | Became a worshipper of Ru the Awakened
  1027 | D:2      | Gained mutation: You are somewhat inexperienced. (-2 XL)
                  | [Ru sacrifice]
  1027 | D:2      | Reached XP level 2. HP: 25/25 MP: 2/2
  1027 | D:2      | Reached XP level 1. HP: 19/19 MP: 1/1
  1027 | D:2      | Reached * piety under Ru
  1027 | D:2      | Reached ** piety under Ru
  1027 | D:2      | Reached *** piety under Ru
  1156 | D:2      | Reached XP level 2. HP: 24/25 MP: 2/2
  1511 | D:2      | Reached XP level 3. HP: 23/30 MP: 3/3
  1795 | D:3      | Noticed Sigmund
  1969 | D:3      | Found an ornate altar of the Wu Jian Council.
  2142 | D:3      | Found a runed translucent door.
  2155 | D:3      | Gained mutation: When seriously injured, your bleeding
                  | wounds create thick armour. (AC +0) [demonic ancestry]
  2155 | D:3      | Reached XP level 4. HP: 26/37 MP: 4/4
  2366 | D:3      | Noticed Sondor's ghost (amateur DsCK)
  2952 | D:4      | Reached skill level 1 in Short Blades
  3015 | D:4      | Found Ceffit Viuda's Assorted Antiques.
  3037 | D:4      | Found a sacrificial altar of Ru.
  3115 | D:4      | Reached XP level 5. HP: 32/42 MP: 5/5
  3432 | D:4      | Found a glowing golden altar of the Shining One.
  3450 | D:4      | Found Cyirchemn's Book Emporium.
  3485 | D:4      | Gained mutation: You are missing a hand. [Ru sacrifice]
  3485 | D:4      | Reached **** piety under Ru
  3485 | D:4      | Reached ***** piety under Ru
  3532 | D:4      | Found Toep's Food Boutique.
  3668 | D:4      | Found Qynatita's Jewellery Emporium.
  3698 | D:4      | Found Xelizxa's Food Boutique.
  3876 | D:5      | Entered Level 5 of the Dungeon
  3889 | D:5      | Noticed Edmund
  3975 | D:5      | Noticed Eustachio
  3975 | D:5      | Noticed a hippogriff
  4009 | D:5      | Killed a hippogriff
  4009 | D:5      | Gained mutation: You have a pair of small horns on your
                  | head. [demonic ancestry]
  4009 | D:5      | Reached XP level 6. HP: 15/49 MP: 0/6
  4054 | D:5      | Killed Eustachio
  4054 | D:5      | Reached XP level 7. HP: 34/55 MP: 7/7
  4188 | D:5      | Killed Edmund
  4239 | D:5      | Reached skill level 5 in Fighting
  5004 | D:5      | Found Bitucw's Food Emporium.
  5348 | D:6      | Gained mutation: You are immune to clouds of flame.
                  | [demonic ancestry]
  5348 | D:6      | Reached XP level 8. HP: 43/62 MP: 8/8
  5599 | D:6      | Reached skill level 5 in Dodging
  6427 | D:6      | Noticed Pikel
  6461 | D:5      | Killed Pikel
  6461 | D:5      | Reached skill level 5 in Stealth
  6461 | D:5      | Reached XP level 9. HP: 42/69 MP: 9/9
  7076 | D:6      | Reached skill level 5 in Armour
  7587 | D:7      | Found a staircase to the Ecumenical Temple.
  8013 | Temple   | Entered the Ecumenical Temple
  8331 | D:7      | Learned a level 1 spell: Confusing Touch
  8336 | D:7      | Learned a level 3 spell: Confuse
  8600 | D:7      | Reached skill level 5 in Short Blades
  9011 | D:8      | Reached skill level 1 in Hexes
  9150 | D:8      | Reached skill level 1 in Spellcasting
  9465 | D:8      | Found a hazy altar of Hepliaklqana.
  9517 | D:8      | Noticed a two-headed ogre
  9531 | D:8      | Killed a two-headed ogre
  9544 | D:8      | Gained mutation: You are partially covered in sharp spines.
                  | [demonic ancestry]
  9544 | D:8      | Reached XP level 10. HP: 79/79 MP: 0/12
  9963 | D:8      | Got a bloodstained leather armour
  9964 | D:8      | Identified the +2 leather armour of the Enchanted Forest
                  | {*Slow rElec Str+5 SInv} (You found it on level 8 of the
                  | Dungeon)
  9979 | D:8      | Found a radiant altar of Vehumet.
  9981 | D:8      | Found a sparkling altar of Nemelex Xobeh.
 10216 | D:9      | Found a runed translucent door.
 10291 | D:9      | Noticed a two-headed ogre
 10296 | D:9      | Killed a two-headed ogre
 10313 | D:9      | Found a snail-covered altar of Cheibriados.
 10340 | D:9      | Found a hide-covered altar of Uskayaw.
 10340 | D:9      | Found an opulent altar of Gozag.
 10397 | D:9      | Found a shattered altar of Ashenzari.
 10471 | D:9      | Found Ephirhyo's Gadget Shop.
 10649 | D:9      | Found a basalt altar of Yredelemnul.
 10717 | D:9      | Noticed lis82's ghost (novice DgFE)
 10735 | D:10     | Entered Level 10 of the Dungeon
 10843 | D:10     | Noticed an ogre mage
 10856 | D:10     | Gained mutation: Your demonic aura causes spilled blood to
                  | erupt in flames. [demonic ancestry]
 10856 | D:10     | Reached XP level 11. HP: 61/86 MP: 8/16
 10882 | D:9      | Killed an ogre mage
 11264 | D:10     | Noticed a centaur warrior
 11384 | D:10     | Learned a level 6 spell: Invisibility
 11757 | D:10     | Found a basalt altar of Yredelemnul.
 11803 | D:10     | Identified the cursed +0 robe of Pessimism {rF+ rCorr}
 11809 | D:10     | Killed a centaur warrior
 11828 | D:10     | Killed an unseen horror
 12188 | D:10     | Identified a scroll of acquirement
 12190 | D:10     | Got a shimmering silver amulet
 12191 | D:10     | Identified the amulet "Qewygg" {RegenMP rC- MR+ Dex+5} (You
                  | acquired it on level 10 of the Dungeon)
 12275 | D:10     | Reached skill level 5 in Hexes
 12344 | D:10     | Found a staircase to the Lair.
 12446 | Lair:1   | Entered Level 1 of the Lair of Beasts
 13037 | Lair:1   | Reached skill level 5 in Spellcasting
 13040 | Lair:1   | Gained mutation: You have a pair of horns on your head.
                  | [demonic ancestry]
 13040 | Lair:1   | Reached XP level 12. HP: 45/94 MP: 19/19
 14790 | Lair:3   | Found a gate leading to a gauntlet.
 14815 | Gauntlet | Entered a Gauntlet
 14815 | Gauntlet | Found a transporter.
 14815 | Gauntlet | Found a transporter.
 14815 | Gauntlet | Found a transporter.
 14819 | Gauntlet | Found a transporter.
 14820 | Gauntlet | Found a transporter.
 14828 | Gauntlet | Noticed an entropy weaver
 14833 | Gauntlet | Found a transporter.
 14894 | Gauntlet | Found a transporter.
 14906 | Gauntlet | Found a transporter.
 14920 | Gauntlet | Found a transporter.
 14930 | Gauntlet | Found a transporter.
 14945 | Gauntlet | Found a transporter.
 14951 | Gauntlet | Found a transporter.
 16146 | Gauntlet | Identified the cursed +0 quarterstaff "Ujudupif" {crush,
                  | Int+3}
 16146 | Gauntlet | Noticed a minotaur
 16173 | Gauntlet | Killed a minotaur
 17086 | Lair:3   | Reached XP level 13. HP: 99/102 MP: 22/22
 17368 | Lair:4   | Found a staircase to the Snake Pit.
 18352 | Lair:4   | Found a staircase to the Shoals.
 19480 | Lair:5   | Reached skill level 10 in Fighting
 19944 | Lair:5   | Found a staircase to the Slime Pits.
 20394 | Lair:6   | Entered Level 6 of the Lair of Beasts
 22237 | Lair:6   | Gained mutation: You have a pair of large horns on your
                  | head. [demonic ancestry]
 22237 | Lair:6   | Reached XP level 14. HP: 103/111 MP: 25/25
 22407 | Lair:6   | Reached skill level 10 in Stealth
 23245 | Lair:6   | Found a blossoming altar of Fedhas.
 23684 | D:3      | Killed Sondor's ghost
 23995 | D:3      | Killed Sigmund
 24179 | D:9      | Killed lis82's ghost
 24599 | D:11     | Gained mutation: You are weak. (Str -2) [Ru sacrifice]
 24599 | D:11     | Reached ****** piety under Ru
 24681 | D:11     | Found a portal to a secret trove of treasure.
 24917 | D:11     | Found Cageimoe's Assorted Antiques.
 24934 | D:11     | Bought a pair of runed boots for 202 gold pieces
 25514 | D:12     | Reached skill level 1 in Evocations
 25577 | D:12     | Reached skill level 10 in Dodging
 26846 | D:12     | Found a staircase to the Orcish Mines.
 26863 | Orc:1    | Entered Level 1 of the Orcish Mines
 26863 | Orc:1    | Found Pueraw's Jewellery Shop.
 26863 | Orc:1    | Found a roughly hewn altar of Beogh.
 27841 | Orc:2    | Entered Level 2 of the Orcish Mines
 28761 | Orc:2    | Found a roughly hewn altar of Beogh.
 29921 | Orc:2    | Reached skill level 10 in Armour
 29973 | Orc:2    | Found a staircase to the Elven Halls.
 30140 | Orc:2    | Found Cokax's Book Emporium.
 30140 | Orc:2    | Found Nuhoyrgh's General Store.
 30142 | Orc:2    | Found Laetroase's Magic Scroll Shop.
 30144 | Orc:2    | Found Aryatoarch's General Store.
 30151 | Orc:2    | Bought a scroll of acquirement for 676 gold pieces
 30156 | Orc:2    | Bought a potion of mutation for 96 gold pieces
 30559 | D:13     | Noticed Nessos
 30573 | D:13     | Killed Nessos
 30655 | D:13     | Gained mutation: You are mostly covered in sharp spines.
                  | [demonic ancestry]
 30655 | D:13     | Reached XP level 15. HP: 91/119 MP: 27/27
 30671 | D:13     | Noticed Rupert
 30693 | D:13     | Killed Rupert
 30928 | D:13     | Found a white marble altar of Elyvilon.
 31525 | D:13     | Noticed Josephine
 31546 | D:13     | Killed Josephine
 31960 | D:14     | Found Pauminn's Jewellery Boutique.
 32547 | D:14     | Reached skill level 10 in Short Blades
 32764 | D:14     | Found a gate to the Vaults.
 33108 | D:15     | Entered Level 15 of the Dungeon
 34307 | D:15     | Found a staircase to the Depths.
 34663 | D:15     | Found the +7 great mace "Firestarter" {inner flame, rF++}
 34895 | D:15     | Identified Lehudib's Handbook of Ashen Combat Magic
 35142 | Snake:1  | Entered Level 1 of the Snake Pit
 35269 | Snake:1  | Reached skill level 5 in Evocations
 35283 | Snake:1  | Found Ublalukk's Weapon Shoppe.
 35287 | Snake:1  | Found Dedweh's Gadget Emporium.
 35301 | Snake:1  | Bought a +6 vampiric short sword for 492 gold pieces
 35955 | Snake:1  | Reached skill level 10 in Hexes
 35972 | Snake:1  | Gained mutation: When seriously injured, your bleeding
                  | wounds create very thick armour. (AC +0) [demonic ancestry]
 35972 | Snake:1  | Reached XP level 16. HP: 86/127 MP: 29/29
 38326 | Snake:4  | Entered Level 4 of the Snake Pit
 38451 | Snake:4  | Noticed Saint Roka
 38488 | Snake:4  | Killed Saint Roka
 38739 | Snake:4  | Noticed Louise
 38785 | Snake:4  | Killed Louise
 38785 | Snake:4  | Reached skill level 10 in Spellcasting
 39039 | Snake:4  | Reached XP level 17. HP: 135/135 MP: 31/31
 39054 | Snake:4  | Noticed Vashnia
 39132 | Snake:4  | Killed Vashnia
 39495 | Snake:4  | Found Yssusiyff's Gadget Shop.
 39495 | Snake:4  | Found Goshriops's Jewellery Emporium.
 39498 | Snake:4  | Found Vyvotac's Gadget Shop.
 39735 | Snake:4  | HP: 2/135 [black mamba (12)]
 39738 | Snake:4  | Shot with a bolt by a naga sharpshooter

Levels and vault maps discovered:
D:1:      saegor_arrival_miasma, layout_rooms
D:2:      layout_loops_cross, first_ration, nicolae_ru_sacrificial_ziggurat
D:3:      layout_basic, lemuel_crystal_altar, ebering_ghost_reflecting_pool,
          minmay_checkerbox, uniq_sigmund
D:4:      layout_loops_ring, old_standard_altar, serial_shops, kennysheep_mini,
          shop, shop, nicolae_shop_window_shopping, nicolae_shop_trees,
          abandoned_shop, tso_altar
D:5:      layout_basic, serial_shops, nicolae_shop_trees, uniq_eustachio,
          uniq_edmund
D:6:      layout_cave_pools, uniq_pikel
D:7:      layout_loops_cross, minmay_temple_entry_mist
D:8:      layout_loops_cross, nicolae_overflow_hidden_temple,
          overflow_temple_1_default, hangedman_pestilent_swarm
D:9:      layout_long_grid, gammafunk_temple_overflow_pools, marbit_many_paths,
          ashenzari_altar_1, lemuel_coloured_pillars_altar,
          ebering_ghost_reflecting_pool, kennysheep_windowed_goal
D:10:     minmay_the_grid_4x2 [minmay_the_grid_holed_spiral,
          minmay_the_grid_eight, minmay_the_grid_x, minmay_the_grid_tiny_cups,
          minmay_the_grid_outer_circle, minmay_the_grid_stretched_grid,
          minmay_the_grid_minigrid_small_alt,
          minmay_the_grid_prize_inner_circle], layout_rooms,
          grunt_lair_entry_orc_guard_hut, yredelemnul_altar_generic
D:11:     layout_rooms, serial_shops, nicolae_shop_overgrown_old_shop,
          nicolae_trove_entry_free_sample
D:12:     layout_irregular_city, david_orc_4, hangedman_corner_corridor
D:13:     layout_loops_ring, kennysheep_nondescript, elyvilon_altar_3,
          uniq_nessos, uniq_rupert, uniq_josephine
D:14:     layout_roguey, david_vaults_2, serial_shops, shop,
          kennysheep_big_empty_room, small_statue_intersection,
          grunt_decor_clamped
D:15:     hangedman_depths_entry_try_elsewhere_first, layout_loops_cross,
          serial_glass, glass_columns_a, glass_columns_a, glass_columns_c,
          glass_columns_c, glass_columns_b, glass_columns_a, glass_columns_a,
          glass_columns_a, minmay_misc_feat_five, minmay_lindwurm_lava
Temple:   dpeg_chambers_temple
Lair:1:   layout_loops_ring, st_stairs_7, beast_lair_carwin_7
Lair:2:   layout_cave_pods
Lair:3:   layout_concentric_octagons, gauntlet_entry_generic, minivault_26,
          grunt_megastairs_4
Lair:4:   layout_gridlike, minmay_shoals_entry_beasts,
          guppyfry_snake_entry_island, chequers_serial_rivers_room_b,
          grunt_megastairs_3, serial_bayou_shore_b
Lair:5:   layout_gridlike, nicolae_slime_entry_slimehenge, dpeg_oklob_1,
          minmay_lair_oklob_chamber, lemuel_fruit_fields
Lair:6:   minmay_lair_end_frog_pond, layout_regular_city,
          grunt_forest_small_clearings, tgw_fedhas
Snake:1:  layout_chambers, minmay_shoptagon
Snake:2:  layout_rooms
Snake:3:  layout_cave_shapes, grunt_ministairs_8
Snake:4:  johnstein_snake_rune_scales, layout_misc_corridors,
          ebering_ghost_disaster_area, serial_bayou_shore_a, minmay_shop_grove,
          uniq_louise, uniq_saint_roka, uniq_kirke
Orc:1:    layout_caves, serial_shops, shop, basic_altar
Orc:2:    st_orc_rangers, layout_diamond_mine, basic_altar,
          nicolae_orc_stony_grotto

Skill      XL: |  1  2  3  4  5  6  7  8  9 10 11 12 13 14 15 16 17 |
---------------+----------------------------------------------------+-----
Dodging        | 3 4 5 6 7 8 9 10 11 | 11.8
Armour         | 1 2 3 4 5 6 7 8 9 10 11 | 11.5
Stealth        | 2 3 4 5 6 7 8 9 10 11 12 | 12.3
Fighting       | 4 5 6 7 8 9 10 11 12 | 12.8
Short Blades   | 1 2 3 4 5 6 7 8 9 10 11 | 11.3
Hexes          | 2 3 5 6 8 9 10 | 10.6
Spellcasting   | 1 3 5 6 7 8 9 10 | 10.0
Evocations     | 3 5 6 7 |  7.5
Unarmed Combat | |  2.6

Action                   |  1- 3 |  4- 6 |  7- 9 | 10-12 | 13-15 | 16-18 || total
-------------------------+-------+-------+-------+-------+-------+-------++-------
Melee: Unarmed           |    44 |       |       |       |       |       ||    44
       Short sword       |    72 |   111 |   397 |    43 |    40 |   586 ||  1249
       Whip              |    24 |       |       |       |       |       ||    24
       Punch             |     3 |     1 |       |       |       |       ||     4
       Mace              |    42 |       |       |       |       |       ||    42
       Headbutt          |       |     1 |    88 |   180 |   429 |   160 ||   858
       Dagger            |       |       |       |   626 |  1450 |       ||  2076
Throw: Dart              |       |       |     2 |       |       |       ||     2
 Cast: Confusing Touch   |       |       |     1 |   120 |   317 |   131 ||   569
       Confuse           |       |       |       |     2 |    42 |    13 ||    57
Invok: Sacrifice Experie |     1 |       |       |       |       |       ||     1
       Power Leap        |       |     1 |       |       |       |       ||     1
       Sacrifice a Hand  |       |     1 |       |       |       |       ||     1
       Draw Out Power    |       |     1 |       |     2 |     3 |     7 ||    13
       Apocalypse        |       |       |     2 |     2 |     5 |     2 ||    11
       Reject Sacrifices |       |       |     1 |     1 |       |       ||     2
       Sacrifice Purity  |       |       |       |       |     1 |       ||     1
 Abil: Evoke Flight      |       |       |       |       |     1 |       ||     1
Evoke: Wand              |       |       |       |     4 |     5 |       ||     9
  Use: Scroll            |       |       |       |    20 |    20 |     2 ||    42
       Potion            |       |       |       |       |     4 |     7 ||    11
 Stab: Sleeping          |     4 |     3 |     9 |    29 |    40 |    11 ||    96
       Invisible         |       |     1 |       |     6 |    18 |    12 ||    37
       Paralysed         |       |       |     7 |     5 |    28 |    11 ||    51
       Distracted        |       |       |     3 |     2 |    11 |     5 ||    21
       Confused          |       |       |     2 |    58 |   152 |    77 ||   289
       Petrifying        |       |       |       |       |     1 |       ||     1
  Eat: Chunk             |     4 |     5 |    15 |    23 |    48 |     9 ||   104
       Ration            |       |       |     1 |     1 |     4 |     1 ||     7
Armor: Robe              |    39 |    29 |     5 |       |       |       ||    73
       Leather armour    |       |       |    64 |    18 |   230 |   106 ||   418
       Steam dragon scal |       |       |       |   105 |       |       ||   105
       Skin              |       |       |       |       |       |     3 ||     3
Dodge: Dodged            |   138 |   126 |   249 |   290 |   587 |   235 ||  1625

Table legend:
 A = Non-vault XP
 B = Vault XP
 C = Vault XP percentage of total XP
 D = Non-vault monster count
 E = Vault monster count
 F = Vault count percentage of total count
                 A         B        C        D         E       F
            +---------+---------+-------+---------+---------+-------
      Total |  153644 |   87882 |  36.4 |     729 |     283 |  28.0
            +---------+---------+-------+---------+---------+-------
        D:1 |      54 |       0 |   0.0 |      24 |       0 |   0.0
        D:2 |      88 |       0 |   0.0 |      28 |       0 |   0.0
        D:3 |      47 |     359 |  88.4 |      16 |       6 |  27.3
        D:4 |     110 |       0 |   0.0 |      15 |       0 |   0.0
        D:5 |     796 |     999 |  55.7 |      28 |       3 |   9.7
        D:6 |    1708 |       0 |   0.0 |      44 |       0 |   0.0
        D:7 |     596 |       0 |   0.0 |      15 |       0 |   0.0
        D:8 |    1319 |     384 |  22.5 |      15 |       4 |  21.1
        D:9 |    2274 |    1982 |  46.6 |      25 |       6 |  19.4
       D:10 |    4136 |    4916 |  54.3 |      43 |      29 |  40.3
       D:11 |    5416 |       0 |   0.0 |      39 |       0 |   0.0
       D:12 |    9109 |    2268 |  19.9 |      39 |      23 |  37.1
       D:13 |   11164 |    6016 |  35.0 |      37 |       6 |  14.0
       D:14 |    8972 |     657 |   6.8 |      24 |       3 |  11.1
       D:15 |   12622 |    5328 |  29.7 |      30 |       8 |  21.1
     Lair:1 |    3034 |    2329 |  43.4 |      16 |      14 |  46.7
     Lair:2 |     995 |       0 |   0.0 |       6 |       0 |   0.0
     Lair:3 |    6601 |    2226 |  25.2 |      33 |       5 |  13.2
     Lair:4 |    4172 |    2795 |  40.1 |      20 |       7 |  25.9
     Lair:5 |    3454 |     161 |   4.5 |      23 |       5 |  17.9
     Lair:6 |    9123 |   11952 |  56.7 |      31 |      49 |  61.2
    Snake:1 |   15806 |       0 |   0.0 |      31 |       0 |   0.0
    Snake:2 |   15766 |       0 |   0.0 |      33 |       0 |   0.0
    Snake:3 |   15436 |     658 |   4.1 |      28 |       1 |   3.4
    Snake:4 |   13661 |   36366 |  72.7 |      28 |      66 |  70.2
      Orc:1 |    3331 |       0 |   0.0 |      15 |       0 |   0.0
      Orc:2 |    3854 |    3642 |  48.6 |      43 |      34 |  44.2
   Gauntlet |       0 |    4844 | 100.0 |       0 |      14 | 100.0
            +---------+---------+-------+---------+---------+-------
